 Dungeon Crawl Stone Soup version 0.26.1-11-gd32895ea62 (webtiles) character file.

Game seed: 17527323515869513058

6341 Zeld the Geomancer (level 10, 0/50 HPs)
             Began as a Gargoyle Earth Elementalist on Sept 3, 2021.
             Was an Initiate of Gozag.
             Killed by divine providence
             ... invoked by an orc priest
              (10 damage)
             ... on level 9 of the Dungeon.
             The game lasted 00:19:55 (14286 turns).

Zeld the Geomancer (Gargoyle Earth Elementalist)   Turns: 14286, Time: 00:19:56

Health: 0/50       AC: 20    Str: 13    XL:     10   Next: 96%
Magic:  6/21       EV: 14    Int: 18    God:    Gozag
Gold:   35         SH:  4    Dex: 10    Spells: 9/24 levels left

rFire    . . .     SeeInvis .   a - +9 short sword
rCold    . . .     Faith    .   z - +0 buckler
rNeg     + . .     Spirit   .   w - +2 robe {Archmagi}
rPois    ∞         Reflect  .   i - +2 hat
rElec    +         Harm     .   y - +2 cloak {Will+}
rCorr    .         Rampage  .   (no gloves)
Will     +....                  k - +2 pair of boots
Stlth    +++.......             q - amulet of magic regeneration
HPRegen  0.16/turn              (no ring)
MPRegen  0.42/turn              J - ring of wizardry

@: gold aura
A: negative energy resistance 1, electricity resistance, unbreathing,
petrification resistance, miasma immunity, AC +7
a: Renounce Religion, Potion Petition, Call Merchant, Bribe Branch


You were on level 9 of the Dungeon.
You worshipped Gozag.
Gozag was noncommittal.
You visited 2 branches of the dungeon, and saw 10 of its levels.
You also visited: Ossuary.

You collected 1073 gold pieces.
You spent 70 gold pieces at shops.
You paid 968 gold pieces to Gozag.

Inventory:

Hand Weapons
 a - a +9 short sword (weapon)
Missiles
 l - 27 stones (quivered)
Armour
 i - a +2 hat (worn)
 k - a +2 pair of boots (worn)
 w - a +2 robe of the Archmagi (worn)
 y - a +2 cloak of willpower (worn)
 z - a +0 buckler (worn)
Jewellery
 q - an amulet of magic regeneration (around neck)
 J - a ring of wizardry (right hand)
Wands
 n - a wand of acid (5)
 p - a wand of paralysis (11)
 x - a wand of polymorph (16)
 I - a wand of flame (42)
Scrolls
 e - 7 scrolls of remove curse
 j - 5 scrolls of enchant weapon
 m - 4 scrolls of fear
 r - 4 scrolls of teleportation
 C - 2 scrolls of fog {unknown}
 F - a scroll of enchant armour
 H - 2 scrolls of blinking {unknown}
 K - a scroll of immolation {unknown}
Potions
 b - a potion of haste {unknown}
 c - 2 potions of ambrosia {unknown}
 d - 5 potions of magic {unknown}
 f - 2 potions of berserk rage {unknown}
 g - 2 potions of degeneration {unknown}
 h - 3 potions of attraction {unknown}
 o - a potion of flight {unknown}
 s - a potion of cancellation {unknown}
 A - 6 potions of curing {unknown}
 D - 3 potions of might {unknown}
 G - 5 potions of heal wounds
Miscellaneous
 t - a tin of tremorstones (2/2)


   Skills:
 + Level 5.9 Armour
 + Level 4.9 Dodging
 + Level 6.9 Stealth
 - Level 4.0 Shields
 * Level 7.6 Spellcasting
 + Level 5.6 Conjurations
 - Level 1.0 Transmutations
 * Level 10.1 Earth Magic


You had 9 spell levels left.
You knew the following spells:

 Your Spells              Type           Power        Failure   Level
a - Sandblast             Erth           100%         1%          1
b - Passwall              Tmut/Erth      33%          1%          2
c - Stone Arrow           Conj/Erth      100%         1%          3
d - Petrify               Tmut/Erth      40%          4%          4
e - Lee's Rapid Deconstr  Erth           30%          1%          5

Your spell library contained the following spells:

 Spells                   Type           Power        Failure   Level
 Magic Dart               Conj           100%         1%          1
 Searing Ray              Conj           80%          1%          2
 Dazzling Flash           Conj/Hex       50%          4%          3
 Fulminant Prism          Conj/Hex       12%          13%         4
 Iskenderun's Mystic Bla  Conj/Tloc      25%          13%         4


Dungeon Overview and Level Annotations

Branches:
Dungeon (9/15)             Temple (1/1) D:7         Ossuary (visited)
   Lair: D:8-11         Orc: D:9-12

Altars:
Ashenzari
Cheibriados
Dithmenos
Fedhas
Gozag
Hepliaklqana
Kikubaaqudgha
Makhleb
Nemelex Xobeh
Okawaru
Qazlal
Ru
Sif Muna
Trog
Uskayaw
Vehumet
Xom
Zin
The Shining One

Shops:
D:9 !


Innate Abilities, Weirdness & Mutations

You are resistant to torment.
Your stone body is resilient. (AC +7)
You are immune to poison.
You resist negative energy. (rN+)
You are resistant to electric shocks. (rElec)
You can survive without breathing.
You are immune to petrification.
You are immune to miasma.


Message History

The ogre zombie becomes distracted by the nearby gold, dreaming of imaginary riches.
The orc priest calls down the wrath of Beogh upon the orc zombie.
Beogh smites you!
* * * LOW HITPOINT WARNING * * *
The orc warrior becomes distracted by the nearby gold, dreaming of imaginary riches.
The shadow strikes at you from the darkness!
An orc zombie comes into view.
The orc warrior shouts!
You hear a shout!
An orc comes into view. It is wielding a +0 whip.
You are too injured to fight recklessly!
Unknown command.
The orc is no longer distracted by gold.
The orc zombie becomes distracted by the nearby gold, dreaming of imaginary riches.
The orc moves out of view.
The ogre zombie is no longer distracted by gold.
The orc zombie closely misses you.
The orc priest invokes the aid of Beogh against something.
Beogh smites you!
You die...
Your body crumbles into a pile of gold. )##.#.# #...ZZZ...# ....#.# ..ZWooZ.. ###.#.# .ZZsZZ. .##.#.# .o8Zo

.##(#.# ##$oZ # .##.#.#
.####.#o####.## .##.#.#
......Z$[......
.##.#.####.####Z....###.
.##........# #.@.###
......###### ##.###
.###### #..# .# ##.## .#
#..# .## #.## ..# ## #.#
#### . #.# ≈≈≈≈# #.#.#


You could see an orc warrior, a shadow, a scorpion, 2 orc priests, 2 orcs, 5 orc
zombies, 2 ogre zombies and a goblin skeleton.

Vanquished Creatures
  A wizard (D:7)
  Pikel (D:4)
  Grinder (D:3)
  Prince Ribbit (D:5)
  Menkaure (D:5)
  Edmund (D:5)
  4 orc warriors
  2 ice beasts
  2 black bears
  3 necrophages
  A phantom (D:5)
  9 ogres
  3 centaurs
  An elf zombie (Ossuary)
  4 bullfrogs
  7 scorpions
  4 killer bees
  13 wights
  4 howler monkeys
  A quasit (D:9)
  2 centaur zombies
  5 hounds
  2 jellies
  5 orc priests
  Crazy Yiuf (D:3)
  A bullfrog zombie (D:5)
  2 centaur skeletons
  5 bullfrog skeletons
  An iguana (D:4)
  4 orc wizards
  4 worker ants
  A gnoll (D:1)
  5 adders
  A white imp (D:7)
  An ufetubus (D:6)
  3 oozes
  4 adder zombies
  A worm (D:4)
  A dart slug (D:1)
  7 leopard geckos
  45 orcs
  A ball python (D:1)
  8 giant cockroaches
  5 goblins
  7 hobgoblins
  10 jackals
  7 kobolds
  4 quokkas
  3 bats
  8 frilled lizards
  A goblin skeleton (D:9)
  3 goblin zombies (Ossuary)
  11 hobgoblin zombies
  3 jackal zombies
  7 kobold zombies (Ossuary)
  A leopard gecko skeleton (D:5)
  2 orc skeletons (D:9)
  13 orc zombies
  9 rats
268 creatures vanquished.

Notes
Turn   | Place    | Note
-------+----------+-------------------------------------------
     0 | D:1      | Zeld the Gargoyle Earth Elementalist began the quest for
                  | the Orb.
     0 | D:1      | Reached XP level 1. HP: 10/10 MP: 3/3
   144 | D:1      | Reached XP level 2. HP: 15/15 MP: 5/5
   283 | D:1      | Reached skill level 1 in Transmutations
   283 | D:1      | Reached skill level 4 in Earth Magic
   283 | D:1      | Reached XP level 3. HP: 9/19 MP: 4/6
   286 | D:1      | Learned a level 2 spell: Passwall
   290 | D:1      | Learned a level 3 spell: Stone Arrow
   644 | D:1      | Reached skill level 1 in Armour
  1693 | D:2      | Reached XP level 4. HP: 23/24 MP: 7/7
  2709 | D:3      | Reached XP level 5. HP: 25/28 MP: 9/9
  2741 | D:3      | Found a sparkling altar of Nemelex Xobeh.
  2924 | D:3      | Reached skill level 1 in Conjurations
  3116 | D:3      | Noticed Grinder
  3118 | D:3      | Paralysed by Grinder for 2 turns
  3126 | D:3      | Killed Grinder
  3127 | D:3      | Reached skill level 5 in Earth Magic
  3127 | D:3      | Reached XP level 6. HP: 13/32 MP: 2/11
  3136 | D:3      | Learned a level 4 spell: Petrify
  3531 | D:3      | Found a runed translucent door.
  3532 | D:3      | Noticed Crazy Yiuf
  3663 | D:3      | Killed Crazy Yiuf
  4208 | D:4      | Reached XP level 7. HP: 36/36 MP: 8/12
  4520 | D:4      | Noticed Pikel
  4541 | D:4      | Killed Pikel
  4542 | D:4      | Reached skill level 1 in Shields
  4542 | D:4      | Reached skill level 6 in Earth Magic
  4542 | D:4      | Reached XP level 8. HP: 26/41 MP: 0/14
  5419 | D:5      | Entered Level 5 of the Dungeon
  5425 | D:5      | Noticed Prince Ribbit
  5433 | D:5      | Killed Prince Ribbit
  5447 | D:5      | Reached skill level 5 in Spellcasting
  5447 | D:5      | Reached skill level 7 in Earth Magic
  5633 | D:5      | Noticed Menkaure
  5639 | D:5      | Killed Menkaure
  5697 | D:5      | Reached XP level 9. HP: 44/45 MP: 8/16
  5703 | D:5      | Learned a level 5 spell: Lee's Rapid Deconstruction
  5968 | D:5      | Reached skill level 5 in Stealth
  6728 | D:5      | Found a snail-covered altar of Cheibriados.
  6743 | D:5      | Noticed Edmund
  6751 | D:5      | Reached skill level 8 in Earth Magic
  6756 | D:5      | Killed Edmund
  8610 | D:7      | Found a sand-covered staircase.
  8615 | Ossuary  | Entered an ossuary
  8747 | Ossuary  | Reached XP level 10. HP: 50/50 MP: 15/19
  9915 | D:7      | Noticed a wizard
 10241 | D:7      | Reached skill level 5 in Armour
 10407 | D:6      | Reached skill level 9 in Earth Magic
 10584 | D:7      | Found a staircase to the Ecumenical Temple.
 11410 | D:7      | Killed a wizard
 11411 | D:7      | Reached skill level 5 in Conjurations
 11619 | D:7      | Found a broken altar of Ashenzari.
 11646 | Temple   | Entered the Ecumenical Temple
 11705 | Temple   | Became a worshipper of Gozag Ym Sagoz the Greedy
 11755 | D:7      | Found a radiant altar of Vehumet.
 11756 | D:7      | Found a glowing golden altar of the Shining One.
 11757 | D:7      | Found a hide-covered altar of Uskayaw.
 11765 | D:7      | Found a hazy altar of Hepliaklqana.
 11765 | D:7      | Found a glowing silver altar of Zin.
 13200 | D:8      | Found a shimmering blue altar of Sif Muna.
 13834 | D:9      | Reached skill level 10 in Earth Magic
 14107 | D:9      | Bought a potion of heal wounds for 70 gold pieces
 14286 | D:9      | Killed from afar by an orc priest

Illustrated notes

Levels and vault maps discovered:
D:1:      onia_arrival_handbag, layout_basic
D:2:      layout_loops_cross
D:3:      kennysheep_six_static_rooms, layout_rooms,
          nemelex_xobeh_ov_fountains_minmay, uniq_crazy_yiuf_cottage,
          uniq_grinder
D:4:      layout_basic, uniq_pikel
D:5:      minmay_clustersquares, layout_rooms, lemuel_round_altar,
          kennysheep_generic_room_3, uniq_menkaure, uniq_edmund,
          uniq_prince_ribbit1
D:6:      layout_rooms
D:7:      cheibrodos_wizards_tower, layout_basic, ashenzari_altar_1,
          minmay_overflow_temple_star_hex, minmay_temple_entry_proselytizer,
          enter_ossuary_5, enter_bailey_8, minivault_27
D:8:      layout_basic, lemuel_blue_sif_altar, minivault_23,
          minmay_misc_feat_doors, grunt_decor_junction, minmay_manual_moon
D:9:      layout_loops_ring, kennysheep_ying_yang,
          pdpol_wu_jian_five_deadly_venoms, dpeg_oklobed_lair,
          zombieorc2_lemuel, special_room [special_room_orc], serial_aquarium,
          aquarium_bridge_long_separate [aquarium_subvault_bridge,
          aquarium_subvault_window, aquarium_subvault_balcony,
          aquarium_subvault_bridge, aquarium_subvault_wall,
          aquarium_subvault_window], aquarium_bridge_island_small
          [aquarium_subvault_small_open, aquarium_subvault_bridge,
          aquarium_subvault_balcony, aquarium_subvault_wall,
          aquarium_subvault_bridge], aquarium_window_1, aquarium_window_fake,
          aquarium_window_2, aquarium_view_2b, chequers_decorated_corner
Temple:   eino_wide_crystal_templ

Skill      XL: |  1  2  3  4  5  6  7  8  9 10 |
---------------+-------------------------------+-----
Transmutations | 1 |  1.0
Earth Magic    | 4 5 6 7 8 10 | 10.1
Armour         | 1 2 3 4 5 |  5.9
Dodging        | 2 3 4 |  4.9
Spellcasting   | 3 4 5 6 7 |  7.6
Conjurations   | 1 2 3 4 5 |  5.6
Stealth        | 3 4 5 6 |  6.9
Shields        | 1 2 4 |  4.0

Action                   |  1- 3 |  4- 6 |  7- 9 | 10-12 || total
-------------------------+-------+-------+-------+-------++-------
Melee: Unarmed           |     6 |     3 |   109 |   120 ||   238
       Short sword       |   107 |    93 |       |    88 ||   288
       Dagger            |       |       |       |    13 ||    13
 Cast: Sandblast         |     3 |    54 |   144 |     3 ||   204
       Stone Arrow       |       |       |    48 |   143 ||   191
       Lee's Rapid Decon |       |       |       |     5 ||     5
Invok: Call Merchant     |       |       |       |     1 ||     1
Evoke: Wand              |       |       |       |    13 ||    13
  Use: Scroll            |       |       |     7 |     5 ||    12
 Stab: Sleeping          |     2 |     3 |       |     4 ||     9
Armor: Robe              |    44 |    52 |    96 |   145 ||   337
Dodge: Dodged            |    96 |    93 |   127 |   203 ||   519
Block: Buckler           |       |       |    46 |    64 ||   110
